Havana Tropicals vs Santa Cruz Tiger Sharks
Created - Tuesday, April 4, 2023 at 08:26
Goals
|
| Havana Tropicals |
1 |
1 |
2 |
4 |
| Santa Cruz Tiger Sharks |
1 |
1 |
4 |
6 |
|
Shots
|
| Havana Tropicals |
3 |
6 |
20 |
29 |
| Santa Cruz Tiger Sharks |
8 |
11 |
22 |
41 |
|
1st period
1. Havana Tropicals , Teddy Blueger 8 (Pierre-Edouard Bellemare 9) at 1:56 (PP)
2. Santa Cruz Tiger Sharks , Kailer Yamamoto 11 (Austin Strand 6, Jack Roslovic 16) at 17:28
Penalties :
Hunter Drew (SCS) for Roughing (Minor) at 1:54, Milan Lucic (HAV) for Roughing (Minor) at 5:23, Pavel Dorofeyev (HAV) for Hooking (Minor) at 8:27, Travis Boyd (SCS) for Roughing (Minor) at 18:34
2nd period
3. Havana Tropicals , Zach Aston-Reese 11 (Teddy Blueger 29) at 2:28
4. Santa Cruz Tiger Sharks , Kailer Yamamoto 12 (Jack Roslovic 17, Travis Boyd 13) at 6:16
Penalties :
Pavel Dorofeyev (HAV) for Holding (Minor) at 9:27
3rd period
5. Havana Tropicals , Teddy Blueger 9 (Pierre-Edouard Bellemare 10, Zach Aston-Reese 13) at 0:19
6. Santa Cruz Tiger Sharks , Alexander Volkov 5 (Kieffer Bellows 8, Calle Rosen 11) at 1:16
7. Santa Cruz Tiger Sharks , Jack Roslovic 9 (Kailer Yamamoto 7, Zach Sanford 12) at 3:08 (PP)
8. Havana Tropicals , Emil Bemstrom 5 (Philipp Kurashev 6, Sammy Blais 9) at 3:42
9. Santa Cruz Tiger Sharks , Kevin Rooney 6 (Kristians Rubins 1, Sean Day 4) at 10:34
10. Santa Cruz Tiger Sharks , Kevin Rooney 7 (Jesper Boqvist 14, Zach Sanford 13) at 15:17
Penalties :
Tucker Poolman (HAV) for Tripping (Minor) at 2:21, Michael McLeod (SCS) for Fighting (Major) at 10:45, Sammy Blais (HAV) for Fighting (Major) at 10:45
Goalie Stats
Eric Comrie (HAV), 35 saves from 41 shots - (0.854), L, 9-4-2, 60:00 minutes
Mikhail Berdin (SCS), 25 saves from 29 shots - (0.862), W, 4-1-0, 60:00 minutes
Players Stats for Havana Tropicals
Player Name G A P +/- PIM S H SB GA TA FO MP PP MP PK MP
------------------------------------------------------------------------------------
Alexander Nylander 0 0 0 0 0 0 0 0 0 1 0/0 6:49 0:00 0:00
Chris Tierney 0 0 0 -2 0 1 1 0 1 0 5/9 18:25 1:01 1:45
Dean Kukan 0 0 0 1 0 0 1 0 0 0 0/0 13:36 0:00 0:00
Dennis Cholowski 0 0 0 1 0 1 0 1 0 1 0/0 13:36 0:00 0:00
Emil Bemstrom 1 0 1 -1 0 2 0 1 0 0 0/0 12:32 0:11 0:21
Henrik Borgstrom 0 0 0 0 0 2 1 0 0 0 3/4 8:09 0:11 0:51
Milan Lucic 0 0 0 -2 2 0 2 2 0 0 0/1 16:17 1:01 0:00
Nolan Foote 0 0 0 0 0 1 0 0 0 0 0/0 6:49 0:00 0:00
Pavel Dorofeyev 0 0 0 0 4 1 0 1 0 0 0/0 12:18 0:00 0:26
Philipp Kurashev 0 1 1 0 0 1 0 0 0 0 1/7 12:43 0:11 0:00
Pierre-Edouard Bellemare 0 2 2 0 0 6 1 1 1 1 1/3 21:49 0:49 3:45
Robert Bortuzzo 0 0 0 -2 0 0 2 2 0 1 0/0 27:13 1:36 3:54
Sammy Blais 0 1 1 -1 5 2 0 1 0 0 0/0 14:26 1:01 0:00
Teddy Blueger 2 1 3 0 0 4 3 0 0 1 14/32 21:49 0:49 3:45
Timothy Liljegren 0 0 0 -1 0 1 2 0 0 0 0/0 19:11 0:25 2:50
Tucker Poolman 0 0 0 -1 2 1 1 1 0 1 0/0 19:10 0:25 2:50
Zach Aston-Reese 1 1 2 0 0 6 2 2 0 0 1/2 21:06 0:49 2:35
Zach Whitecloud 0 0 0 -2 0 0 1 0 2 0 0/0 27:13 1:36 3:54
Players Stats for Santa Cruz Tiger Sharks
Player Name G A P +/- PIM S H SB GA TA FO MP PP MP PK MP
------------------------------------------------------------------------------------
Alexander Volkov 1 0 1 1 0 2 1 0 1 1 1/2 14:11 0:00 0:57
Austin Strand 0 1 1 1 0 1 2 0 0 0 0/0 23:17 3:53 1:13
Calle Rosen 0 1 1 1 0 0 0 2 0 1 0/0 23:17 3:53 1:13
Carter Rowney 0 0 0 -1 0 2 2 0 0 0 0/0 9:19 0:00 0:00
David Gustafsson 0 0 0 -1 0 2 2 0 0 0 1/4 11:03 0:19 0:00
Evgeny Svechnikov 0 0 0 -1 0 4 2 0 0 0 0/0 9:38 0:09 0:00
Hunter Drew 0 0 0 0 2 0 1 0 0 1 0/0 15:06 0:00 0:00
Jack Roslovic 1 2 3 1 0 4 0 1 1 0 10/19 18:12 2:59 0:39
Jesper Boqvist 0 1 1 1 0 4 0 1 1 0 2/2 17:34 3:26 0:05
Kailer Yamamoto 2 1 3 1 0 2 3 1 3 0 0/1 18:22 3:09 0:39
Kevin Rooney 2 0 2 2 0 2 0 0 0 0 8/13 13:30 0:09 0:00
Kieffer Bellows 0 1 1 1 0 1 1 1 0 0 0/0 12:20 0:00 0:00
Kristians Rubins 0 1 1 1 0 1 0 0 0 0 0/0 21:36 2:51 0:48
Michael McLeod 0 0 0 0 5 2 1 1 0 1 11/17 17:41 3:26 1:08
Sean Day 0 1 1 1 0 4 1 0 0 0 0/0 21:36 2:51 0:48
Travis Boyd 0 1 1 1 2 3 1 0 0 0 0/0 18:06 3:09 0:02
Wyatt Kalynuk 0 0 0 0 0 0 1 1 0 0 0/0 15:07 0:00 0:00
Zach Sanford 0 2 2 1 0 7 3 0 0 0 0/0 18:01 3:26 0:32
3 Stars
1 - Kailer Yamamoto (SCS)
2 - Kevin Rooney (SCS)
3 - Teddy Blueger (HAV)
Power Play
Havana Tropicals - 1 on 2 Attempt(s) - 50.00%
Santa Cruz Tiger Sharks - 1 on 4 Attempt(s) - 25.00%
Penalty Kill
Havana Tropicals - 3 on 4 Attempt(s) - 75.00%
- Score 0 goal in Penalty Kill
Santa Cruz Tiger Sharks - 1 on 2 Attempt(s) - 50.00%
- Score 0 goal in Penalty Kill
Team Stat
Havana Tropicals - Hits : 17 - Faceoff Wins : 25 - Blocked Shots : 12 - Penalty Minutes : 13
Santa Cruz Tiger Sharks - Hits : 21 - Faceoff Wins : 33 - Blocked Shots : 8 - Penalty Minutes : 9
Official
Referees : Dave Jackson and Kendrick Nicholson
Linesman : Ryan Gibbons and Brian Murphy
Game Notes
Michael McLeod and Sammy Blais fight to a draw at 10:45 of 3rd period
Havana Tropicals
5 vs 5 Forward
Center Left Wing Right Wing Time % Phy DF OF
1 Teddy Blueger Pierre-Edouard Bellemare Zach Aston-Reese 40 1 2 2
2 Chris Tierney Milan Lucic Sammy Blais 30 1 2 2
3 Philipp Kurashev Emil Bemstrom Pavel Dorofeyev 20 1 2 2
4 Henrik Borgstrom Nolan Foote Alexander Nylander 10 1 2 2
5 vs 5 Defense
Defense Defense Time % Phy DF OF
1 Zach Whitecloud Robert Bortuzzo 40 1 2 2
2 Tucker Poolman Timothy Liljegren 30 1 2 2
3 Dean Kukan Dennis Cholowski 20 1 2 2
4 Zach Whitecloud Robert Bortuzzo 10 1 2 2
PowerPlay Forward
Center Left Wing Right Wing Time % Phy DF OF
1 Teddy Blueger Pierre-Edouard Bellemare Zach Aston-Reese 60 1 2 2
2 Chris Tierney Milan Lucic Sammy Blais 40 1 2 2
PowerPlay Defense
Defense Defense Time % Phy DF OF
1 Zach Whitecloud Robert Bortuzzo 60 1 2 2
2 Tucker Poolman Timothy Liljegren 40 1 2 2
Penalty Kill 4 Players Forward
Center Wing Time % Phy DF OF
1 Teddy Blueger Pierre-Edouard Bellemare 60 1 2 2
2 Chris Tierney Zach Aston-Reese 40 1 2 2
Penalty Kill 4 Players Defense
Defense Defense Time % Phy DF OF
1 Zach Whitecloud Robert Bortuzzo 60 1 2 2
2 Tucker Poolman Timothy Liljegren 40 1 2 2
Penalty Kill - 3 Players Forward
Forward Time % Phy DF OF
1 Teddy Blueger 60 1 2 2
2 Pierre-Edouard Bellemare 40 1 2 2
Penalty Kill - 3 Players Defense
Defense Defense Time % Phy DF OF
1 Zach Whitecloud Robert Bortuzzo 60 1 2 2
2 Tucker Poolman Timothy Liljegren 40 1 2 2
4 vs 4 Forward
Center Wing Time % Phy DF OF
1 Teddy Blueger Pierre-Edouard Bellemare 60 1 2 2
2 Chris Tierney Zach Aston-Reese 40 1 2 2
4 vs 4 Defense
Defense Defense Time % Phy DF OF
1 Zach Whitecloud Robert Bortuzzo 60 1 2 2
2 Tucker Poolman Timothy Liljegren 40 1 2 2
Last Minutes Offensive
Center Left Wing Right Wing Defense Defense
Teddy Blueger Pierre-Edouard Bellemare Zach Aston-Reese Zach Whitecloud Robert Bortuzzo
Last Minutes Defensive
Center Left Wing Right Wing Defense Defense
Teddy Blueger Pierre-Edouard Bellemare Zach Aston-Reese Zach Whitecloud Robert Bortuzzo
Goaltenders
Starting : Eric Comrie
Backup : Arvid Soderblom
Extra Forwards
Normal : Philipp Kurashev, Emil Bemstrom, Pavel Dorofeyev - PP : Philipp Kurashev, Emil Bemstrom - PK : Pavel Dorofeyev
Extra Defensemen
Normal : Dean Kukan, Dennis Cholowski, Tucker Poolman - PP : Dean Kukan - PK : Dennis Cholowski, Tucker Poolman
Penalty Shots
Teddy Blueger, Pierre-Edouard Bellemare, Chris Tierney, Zach Aston-Reese, Milan Lucic
Santa Cruz Tiger Sharks
5 vs 5 Forward
Center Left Wing Right Wing Time % Phy DF OF
1 Jack Roslovic Travis Boyd Kailer Yamamoto 30 1 2 2
2 Michael McLeod Zach Sanford Jesper Boqvist 30 1 2 2
3 Kevin Rooney Kieffer Bellows Alexander Volkov 25 1 2 2
4 David Gustafsson Evgeny Svechnikov Carter Rowney 15 1 2 2
5 vs 5 Defense
Defense Defense Time % Phy DF OF
1 Calle Rosen Austin Strand 35 1 2 2
2 Kristians Rubins Sean Day 35 1 2 2
3 Wyatt Kalynuk Hunter Drew 30 1 2 2
4 Calle Rosen Austin Strand 0 1 2 2
PowerPlay Forward
Center Left Wing Right Wing Time % Phy DF OF
1 Jack Roslovic Travis Boyd Kailer Yamamoto 50 1 2 2
2 Michael McLeod Zach Sanford Jesper Boqvist 50 1 2 2
PowerPlay Defense
Defense Defense Time % Phy DF OF
1 Calle Rosen Austin Strand 50 1 2 2
2 Kristians Rubins Sean Day 50 1 2 2
Penalty Kill 4 Players Forward
Center Wing Time % Phy DF OF
1 Jack Roslovic Kailer Yamamoto 50 1 2 2
2 Michael McLeod Travis Boyd 50 1 2 2
Penalty Kill 4 Players Defense
Defense Defense Time % Phy DF OF
1 Calle Rosen Austin Strand 50 1 2 2
2 Kristians Rubins Sean Day 50 1 2 2
Penalty Kill - 3 Players Forward
Forward Time % Phy DF OF
1 Jack Roslovic 50 1 2 2
2 Kailer Yamamoto 50 1 2 2
Penalty Kill - 3 Players Defense
Defense Defense Time % Phy DF OF
1 Calle Rosen Austin Strand 50 1 2 2
2 Kristians Rubins Sean Day 50 1 2 2
4 vs 4 Forward
Center Wing Time % Phy DF OF
1 Jack Roslovic Kailer Yamamoto 50 1 2 2
2 Michael McLeod Travis Boyd 50 1 2 2
4 vs 4 Defense
Defense Defense Time % Phy DF OF
1 Calle Rosen Austin Strand 50 1 2 2
2 Kristians Rubins Sean Day 50 1 2 2
Last Minutes Offensive
Center Left Wing Right Wing Defense Defense
Jack Roslovic Travis Boyd Kailer Yamamoto Calle Rosen Austin Strand
Last Minutes Defensive
Center Left Wing Right Wing Defense Defense
Jack Roslovic Travis Boyd Kailer Yamamoto Calle Rosen Austin Strand
Goaltenders
Starting : Mikhail Berdin
Backup : Carter Hart
Extra Forwards
Normal : David Gustafsson, Kevin Rooney, Alexander Volkov - PP : David Gustafsson, Kevin Rooney - PK : Alexander Volkov
Extra Defensemen
Normal : Kristians Rubins, Hunter Drew, Calle Rosen - PP : Kristians Rubins - PK : Hunter Drew, Calle Rosen
Penalty Shots
Jack Roslovic, Kailer Yamamoto, Michael McLeod, Travis Boyd, Zach Sanford
% Time on Ice - Havana Tropicals
Lines # - Real PCT - Wanted PCT - Time Play
Normal Forward
1 - 35% - 40% - 17:42
2 - 31% - 30% - 15:39
3 - 22% - 20% - 11:05
4 - 13% - 10% - 6:49
Normal Defense
1 - 38% - 40% - 19:27
2 - 31% - 30% - 15:56
3 - 27% - 20% - 13:36
4 - 4% - 10% - 2:16
PP Forward
1 - 50% - 60% - 1:00
2 - 50% - 40% - 1:01
PP Defense
1 - 79% - 60% - 1:36
2 - 21% - 40% - 0:25
PK Forward
1 - 74% - 60% - 4:59
2 - 26% - 40% - 1:45
PK Defense
1 - 58% - 60% - 3:54
2 - 42% - 40% - 2:50
PK3 Forward
1 - 0% - 60%
2 - 0% - 40%
PK3 Defense
1 - 0% - 60%
2 - 0% - 40%
44 Forward
1 - 0% - 60%
2 - 0% - 40%
44 Defense
1 - 0% - 60%
2 - 0% - 40%
Last Minute Offensive - 0:00
Last Minute Defensive - 0:00
Total
Forward - 60:00
Defense - 60:00
|
% Time on Ice - Santa Cruz Tiger Sharks
Lines # - Real PCT - Wanted PCT - Time Play
Normal Forward
1 - 28% - 30% - 14:34
2 - 29% - 30% - 15:02
3 - 24% - 25% - 12:20
4 - 18% - 15% - 9:19
Normal Defense
1 - 35% - 35% - 18:11
2 - 35% - 35% - 17:57
3 - 29% - 30% - 15:07
4 - 0% - 0% - 0:00
PP Forward
1 - 47% - 50% - 3:09
2 - 53% - 50% - 3:35
PP Defense
1 - 58% - 50% - 3:53
2 - 42% - 50% - 2:51
PK Forward
1 - 32% - 50% - 0:39
2 - 68% - 50% - 1:22
PK Defense
1 - 60% - 50% - 1:13
2 - 40% - 50% - 0:48
PK3 Forward
1 - 0% - 50%
2 - 0% - 50%
PK3 Defense
1 - 0% - 50%
2 - 0% - 50%
44 Forward
1 - 0% - 50%
2 - 0% - 50%
44 Defense
1 - 0% - 50%
2 - 0% - 50%
Last Minute Offensive - 0:00
Last Minute Defensive - 0:00
Total
Forward - 60:00
Defense - 60:00
|
Play-by-Play
1st period
0:01 of 1st period - Teddy Blueger wins face-off versus Jack Roslovic in neutral zone.
0:17 of 1st period - Travis Boyd is hit by Zach Aston-Reese and loses puck.
1:09 of 1st period - Slapshot by David Gustafsson.
1:09 of 1st period - Stopped by Eric Comrie with a rebound.
1:17 of 1st period - David Gustafsson is hit by Dean Kukan and loses puck.
1:46 of 1st period - Dean Kukan is hit by Wyatt Kalynuk and loses puck.
1:54 of 1st period - Minor Penalty to Hunter Drew for Roughing.
1:55 of 1st period - Pierre-Edouard Bellemare wins face-off versus Michael McLeod in Santa Cruz Tiger Sharks zone.
1:56 of 1st period - Backhand shot by Teddy Blueger.
1:56 of 1st period - Goal by Teddy Blueger - Havana Tropicals : 1 - Santa Cruz Tiger Sharks : 0.
1:57 of 1st period - Teddy Blueger wins face-off versus Michael McLeod in neutral zone.
2:04 of 1st period - Snap shot by Pierre-Edouard Bellemare.
2:04 of 1st period - Stopped by Mikhail Berdin without a rebound.
2:05 of 1st period - Michael McLeod wins face-off versus Teddy Blueger in Santa Cruz Tiger Sharks zone.
2:15 of 1st period - Icing by Pierre-Edouard Bellemare.
2:16 of 1st period - Kevin Rooney wins face-off versus Teddy Blueger in Havana Tropicals zone.
2:35 of 1st period - Wrist shot by Zach Aston-Reese.
2:35 of 1st period - Stopped by Mikhail Berdin without a rebound.
2:36 of 1st period - Michael McLeod wins face-off versus Philipp Kurashev in Santa Cruz Tiger Sharks zone.
3:07 of 1st period - Wrist shot by David Gustafsson.
3:07 of 1st period - Deflect By Carter Rowney.
3:07 of 1st period - Shot Misses the Net.
3:07 of 1st period - Puck is out of play.
3:08 of 1st period - Kevin Rooney wins face-off versus Teddy Blueger in Havana Tropicals zone.
3:53 of 1st period - Wrist shot by Michael McLeod.
3:53 of 1st period - Shot Blocked by Pavel Dorofeyev.
4:14 of 1st period - Off-side.
4:15 of 1st period - Henrik Borgstrom wins face-off versus David Gustafsson in neutral zone.
5:07 of 1st period - Icing by Robert Bortuzzo.
5:08 of 1st period - Chris Tierney wins face-off versus Kailer Yamamoto in Havana Tropicals zone.
5:13 of 1st period - Sammy Blais is hit by Austin Strand and loses puck.
5:23 of 1st period - Minor Penalty to Milan Lucic for Roughing.
5:24 of 1st period - Jack Roslovic wins face-off versus Pierre-Edouard Bellemare in Havana Tropicals zone.
6:36 of 1st period - Zach Sanford is hit by Zach Aston-Reese and loses puck.
7:23 of 1st period - Penalty to Milan Lucic is over, Milan Lucic is back on ice.
8:04 of 1st period - Wrist shot by Carter Rowney.
8:04 of 1st period - Shot Misses the Net.
8:27 of 1st period - Minor Penalty to Pavel Dorofeyev for Hooking.
8:28 of 1st period - Michael McLeod wins face-off versus Teddy Blueger in Havana Tropicals zone.
8:30 of 1st period - Snap shot by Zach Sanford.
8:30 of 1st period - Stopped by Eric Comrie with a rebound.
8:32 of 1st period - Snap shot by Zach Sanford.
8:32 of 1st period - Shot Misses the Net.
8:36 of 1st period - Snap shot by Jesper Boqvist.
8:36 of 1st period - Stopped by Eric Comrie without a rebound.
8:37 of 1st period - Michael McLeod wins face-off versus Teddy Blueger in Havana Tropicals zone.
9:00 of 1st period - Zach Sanford is hit by Zach Whitecloud and loses puck.
9:13 of 1st period - Snap shot by Michael McLeod.
9:13 of 1st period - Shot Misses the Net.
10:22 of 1st period - Icing by Kailer Yamamoto.
10:23 of 1st period - Henrik Borgstrom wins face-off versus Jack Roslovic in Santa Cruz Tiger Sharks zone.
10:27 of 1st period - Penalty to Pavel Dorofeyev is over, Pavel Dorofeyev is back on ice.
10:42 of 1st period - Snap shot by Alexander Volkov.
10:42 of 1st period - Shot Misses the Net.
11:12 of 1st period - Zach Sanford is hit by Robert Bortuzzo and loses puck.
11:41 of 1st period - Wrist shot by Zach Sanford.
11:41 of 1st period - Stopped by Eric Comrie with a rebound.
11:43 of 1st period - Snap shot by Zach Sanford.
11:43 of 1st period - Stopped by Eric Comrie without a rebound.
11:44 of 1st period - Jack Roslovic wins face-off versus Henrik Borgstrom in Havana Tropicals zone.
11:51 of 1st period - Wrist shot by Travis Boyd.
11:51 of 1st period - Shot Blocked by Tucker Poolman.
14:46 of 1st period - Wrist shot by Zach Sanford.
14:46 of 1st period - Shot Hit the Post.
15:08 of 1st period - Robert Bortuzzo is hit by Zach Sanford and loses puck.
15:12 of 1st period - Icing by Robert Bortuzzo.
15:13 of 1st period - Chris Tierney wins face-off versus Jack Roslovic in Havana Tropicals zone.
15:52 of 1st period - Wrist shot by Alexander Volkov.
15:52 of 1st period - Shot Misses the Net.
16:12 of 1st period - Off-side.
16:13 of 1st period - Teddy Blueger wins face-off versus Jack Roslovic in neutral zone.
16:22 of 1st period - Slapshot by Kailer Yamamoto.
16:22 of 1st period - Shot Misses the Net.
16:24 of 1st period - Slapshot by Kristians Rubins.
16:24 of 1st period - Shot Blocked by Pierre-Edouard Bellemare.
16:26 of 1st period - Wrist shot by Travis Boyd.
16:26 of 1st period - Shot Misses the Net.
16:40 of 1st period - Dennis Cholowski is hit by Alexander Volkov and loses puck.
17:20 of 1st period - Off-side.
17:21 of 1st period - Jack Roslovic wins face-off versus Teddy Blueger in neutral zone.
17:24 of 1st period - Wrist shot by Jack Roslovic.
17:24 of 1st period - Shot Misses the Net.
17:26 of 1st period - Slapshot by Austin Strand.
17:26 of 1st period - Stopped by Eric Comrie with a rebound.
17:28 of 1st period - Snap shot by Kailer Yamamoto.
17:28 of 1st period - Goal by Kailer Yamamoto - Havana Tropicals : 1 - Santa Cruz Tiger Sharks : 1.
17:29 of 1st period - Jack Roslovic wins face-off versus Teddy Blueger in neutral zone.
17:36 of 1st period - Wrist shot by Jack Roslovic.
17:36 of 1st period - Stopped by Eric Comrie without a rebound.
17:37 of 1st period - Teddy Blueger wins face-off versus Jack Roslovic in Havana Tropicals zone.
17:37 of 1st period - Teddy Blueger is hit by Kailer Yamamoto.
17:59 of 1st period - Snap shot by Jack Roslovic.
17:59 of 1st period - Shot Blocked by Zach Aston-Reese.
18:25 of 1st period - Wrist shot by Jack Roslovic.
18:25 of 1st period - Shot Misses the Net.
18:34 of 1st period - Minor Penalty to Travis Boyd for Roughing.
18:35 of 1st period - Michael McLeod wins face-off versus Chris Tierney in Santa Cruz Tiger Sharks zone.
Goals for this period are 1 for Havana Tropicals vs 1 for Santa Cruz Tiger Sharks.
Shots for this period are 3 for Havana Tropicals vs 8 for Santa Cruz Tiger Sharks.
2nd period
0:01 of 2nd period - Jack Roslovic wins face-off versus Teddy Blueger in neutral zone.
0:34 of 2nd period - Penalty to Travis Boyd is over, Travis Boyd is back on ice.
0:38 of 2nd period - Snap shot by Sammy Blais.
0:38 of 2nd period - Shot Misses the Net.
0:58 of 2nd period - Snap shot by Henrik Borgstrom.
0:58 of 2nd period - Stopped by Mikhail Berdin with a rebound.
1:00 of 2nd period - Slapshot by Timothy Liljegren.
1:00 of 2nd period - Shot Blocked by Michael McLeod.
1:28 of 2nd period - Dennis Cholowski is hit by David Gustafsson and loses puck.
1:50 of 2nd period - Icing by Milan Lucic.
1:51 of 2nd period - Jack Roslovic wins face-off versus Milan Lucic in Havana Tropicals zone.
1:58 of 2nd period - Wrist shot by Kailer Yamamoto.
1:58 of 2nd period - Shot Blocked by Dennis Cholowski.
2:00 of 2nd period - Slapshot by Kevin Rooney.
2:00 of 2nd period - Shot Hit the Post.
2:28 of 2nd period - Wrist shot by Zach Aston-Reese.
2:28 of 2nd period - Goal by Zach Aston-Reese - Havana Tropicals : 2 - Santa Cruz Tiger Sharks : 1.
2:29 of 2nd period - Kevin Rooney wins face-off versus Teddy Blueger in neutral zone.
2:42 of 2nd period - Wrist shot by Pierre-Edouard Bellemare.
2:42 of 2nd period - Shot Misses the Net.
2:44 of 2nd period - Wrist shot by Pierre-Edouard Bellemare.
2:44 of 2nd period - Stopped by Mikhail Berdin with a rebound.
4:37 of 2nd period - Snap shot by Pavel Dorofeyev.
4:37 of 2nd period - Stopped by Mikhail Berdin with a rebound.
4:39 of 2nd period - Snap shot by Emil Bemstrom.
4:39 of 2nd period - Deflect By Pavel Dorofeyev.
4:39 of 2nd period - Shot Blocked by Jesper Boqvist.
4:39 of 2nd period - Puck is out of play.
4:40 of 2nd period - Philipp Kurashev wins face-off versus Kevin Rooney in Santa Cruz Tiger Sharks zone.
5:14 of 2nd period - Slapshot by Teddy Blueger.
5:14 of 2nd period - Shot Blocked by Calle Rosen.
5:16 of 2nd period - Slapshot by Pierre-Edouard Bellemare.
5:16 of 2nd period - Shot Misses the Net.
5:26 of 2nd period - Chris Tierney is hit by Austin Strand.
5:30 of 2nd period - Chris Tierney is hit by Travis Boyd and loses puck.
5:37 of 2nd period - Wrist shot by Jack Roslovic.
5:37 of 2nd period - Shot Misses the Net.
5:39 of 2nd period - Wrist shot by Travis Boyd.
5:39 of 2nd period - Stopped by Eric Comrie without a rebound.
5:40 of 2nd period - Teddy Blueger wins face-off versus Kevin Rooney in Havana Tropicals zone.
5:45 of 2nd period - Alexander Volkov is hit by Timothy Liljegren and loses puck.
6:12 of 2nd period - Wrist shot by Jack Roslovic.
6:12 of 2nd period - Stopped by Eric Comrie with a rebound.
6:14 of 2nd period - Snap shot by Jack Roslovic.
6:14 of 2nd period - Stopped by Eric Comrie with a rebound.
6:16 of 2nd period - Snap shot by Kailer Yamamoto.
6:16 of 2nd period - Goal by Kailer Yamamoto - Havana Tropicals : 2 - Santa Cruz Tiger Sharks : 2.
6:17 of 2nd period - Alexander Volkov wins face-off versus Teddy Blueger in neutral zone.
6:32 of 2nd period - Kevin Rooney is hit by Pierre-Edouard Bellemare and loses puck.
7:55 of 2nd period - Wrist shot by Henrik Borgstrom.
7:55 of 2nd period - Shot Misses the Net.
8:29 of 2nd period - Jesper Boqvist is hit by Milan Lucic and loses puck.
8:40 of 2nd period - Slapshot by Zach Sanford.
8:40 of 2nd period - Stopped by Eric Comrie without a rebound.
8:41 of 2nd period - Jack Roslovic wins face-off versus Philipp Kurashev in Havana Tropicals zone.
9:12 of 2nd period - Snap shot by Pavel Dorofeyev.
9:12 of 2nd period - Shot Misses the Net.
9:27 of 2nd period - Minor Penalty to Pavel Dorofeyev for Holding.
9:28 of 2nd period - Teddy Blueger wins face-off versus Michael McLeod in Havana Tropicals zone.
9:40 of 2nd period - Slapshot by Zach Sanford.
9:40 of 2nd period - Stopped by Eric Comrie with a rebound.
9:42 of 2nd period - Wrist shot by Michael McLeod.
9:42 of 2nd period - Stopped by Eric Comrie with a rebound.
9:44 of 2nd period - Snap shot by Jesper Boqvist.
9:44 of 2nd period - Shot Misses the Net.
11:27 of 2nd period - Penalty to Pavel Dorofeyev is over, Pavel Dorofeyev is back on ice.
11:28 of 2nd period - Emil Bemstrom is hit by David Gustafsson and loses puck.
11:47 of 2nd period - Snap shot by Alexander Volkov.
11:47 of 2nd period - Stopped by Eric Comrie with a rebound.
12:01 of 2nd period - Slapshot by Pavel Dorofeyev.
12:01 of 2nd period - Shot Misses the Net.
12:13 of 2nd period - Milan Lucic is hit by Sean Day.
13:04 of 2nd period - Robert Bortuzzo is hit by Kailer Yamamoto and loses puck.
14:12 of 2nd period - Pavel Dorofeyev is hit by Evgeny Svechnikov and loses puck.
14:45 of 2nd period - Icing by Jack Roslovic.
14:46 of 2nd period - Jack Roslovic wins face-off versus Philipp Kurashev in Santa Cruz Tiger Sharks zone.
15:05 of 2nd period - Teddy Blueger is hit by Michael McLeod and loses puck.
15:24 of 2nd period - Wrist shot by David Gustafsson.
15:24 of 2nd period - Deflect By Carter Rowney.
15:24 of 2nd period - Shot Misses the Net.
15:24 of 2nd period - Puck is out of play.
15:25 of 2nd period - David Gustafsson wins face-off versus Chris Tierney in Havana Tropicals zone.
15:37 of 2nd period - Wrist shot by Carter Rowney.
15:37 of 2nd period - Stopped by Eric Comrie with a rebound.
15:39 of 2nd period - Slapshot by Kristians Rubins.
15:39 of 2nd period - Shot Blocked by Milan Lucic.
15:41 of 2nd period - Snap shot by Evgeny Svechnikov.
15:41 of 2nd period - Stopped by Eric Comrie with a rebound.
16:33 of 2nd period - Kailer Yamamoto is hit by Timothy Liljegren.
16:39 of 2nd period - Wrist shot by Pierre-Edouard Bellemare.
16:39 of 2nd period - Shot Misses the Net.
16:41 of 2nd period - Slapshot by Dennis Cholowski.
16:41 of 2nd period - Stopped by Mikhail Berdin with a rebound.
16:43 of 2nd period - Snap shot by Zach Aston-Reese.
16:43 of 2nd period - Shot Blocked by Kailer Yamamoto.
17:23 of 2nd period - Snap shot by David Gustafsson.
17:23 of 2nd period - Stopped by Eric Comrie with a rebound.
17:25 of 2nd period - Snap shot by David Gustafsson.
17:25 of 2nd period - Shot Blocked by Emil Bemstrom.
17:43 of 2nd period - Wrist shot by Alexander Nylander.
17:43 of 2nd period - Shot Misses the Net.
17:45 of 2nd period - Wrist shot by Nolan Foote.
17:45 of 2nd period - Stopped by Mikhail Berdin with a rebound.
18:45 of 2nd period - Snap shot by Evgeny Svechnikov.
18:45 of 2nd period - Shot Misses the Net.
18:47 of 2nd period - Slapshot by Sean Day.
18:47 of 2nd period - Shot Blocked by Robert Bortuzzo.
19:08 of 2nd period - Slapshot by Timothy Liljegren.
19:08 of 2nd period - Shot Misses the Net.
Goals for this period are 1 for Havana Tropicals vs 1 for Santa Cruz Tiger Sharks.
Shots for this period are 6 for Havana Tropicals vs 11 for Santa Cruz Tiger Sharks.
3rd period
0:01 of 3rd period - Jesper Boqvist wins face-off versus Zach Aston-Reese in neutral zone.
0:13 of 3rd period - Off-side.
0:14 of 3rd period - Teddy Blueger wins face-off versus Kevin Rooney in neutral zone.
0:19 of 3rd period - Slapshot by Teddy Blueger.
0:19 of 3rd period - Goal by Teddy Blueger - Havana Tropicals : 3 - Santa Cruz Tiger Sharks : 2.
0:20 of 3rd period - Teddy Blueger wins face-off versus Michael McLeod in neutral zone.
0:23 of 3rd period - Wrist shot by Zach Aston-Reese.
0:23 of 3rd period - Stopped by Mikhail Berdin without a rebound.
0:24 of 3rd period - Jesper Boqvist wins face-off versus Teddy Blueger in Santa Cruz Tiger Sharks zone.
0:50 of 3rd period - Snap shot by Calle Rosen.
0:50 of 3rd period - Deflect By Travis Boyd.
0:50 of 3rd period - Stopped by Eric Comrie without a rebound.
0:51 of 3rd period - Chris Tierney wins face-off versus Jack Roslovic in Havana Tropicals zone.
0:56 of 3rd period - Wrist shot by Chris Tierney.
0:56 of 3rd period - Shot Misses the Net.
0:58 of 3rd period - Wrist shot by Tucker Poolman.
0:58 of 3rd period - Stopped by Mikhail Berdin with a rebound.
1:00 of 3rd period - Wrist shot by Sammy Blais.
1:00 of 3rd period - Shot Misses the Net.
1:02 of 3rd period - Slapshot by Sammy Blais.
1:02 of 3rd period - Stopped by Mikhail Berdin without a rebound.
1:03 of 3rd period - Zach Aston-Reese wins face-off versus Kevin Rooney in Santa Cruz Tiger Sharks zone.
1:16 of 3rd period - Snap shot by Alexander Volkov.
1:16 of 3rd period - Goal by Alexander Volkov - Havana Tropicals : 3 - Santa Cruz Tiger Sharks : 3.
1:17 of 3rd period - Teddy Blueger wins face-off versus Kevin Rooney in neutral zone.
1:20 of 3rd period - Calle Rosen is hit by Robert Bortuzzo and loses puck.
1:27 of 3rd period - Snap shot by Teddy Blueger.
1:27 of 3rd period - Stopped by Mikhail Berdin with a rebound.
1:29 of 3rd period - Wrist shot by Pierre-Edouard Bellemare.
1:29 of 3rd period - Stopped by Mikhail Berdin with a rebound.
1:31 of 3rd period - Slapshot by Robert Bortuzzo.
1:31 of 3rd period - Shot Blocked by Kieffer Bellows.
1:47 of 3rd period - Wrist shot by Travis Boyd.
1:47 of 3rd period - Stopped by Eric Comrie with a rebound.
2:10 of 3rd period - Michael McLeod is hit by Tucker Poolman.
2:21 of 3rd period - Minor Penalty to Tucker Poolman for Tripping.
2:22 of 3rd period - Jack Roslovic wins face-off versus Teddy Blueger in Havana Tropicals zone.
2:32 of 3rd period - Wrist shot by Travis Boyd.
2:32 of 3rd period - Shot Misses the Net.
2:34 of 3rd period - Snap shot by Sean Day.
2:34 of 3rd period - Shot Misses the Net.
2:36 of 3rd period - Snap shot by Sean Day.
2:36 of 3rd period - Stopped by Eric Comrie without a rebound.
2:37 of 3rd period - Michael McLeod wins face-off versus Teddy Blueger in Havana Tropicals zone.
2:38 of 3rd period - Wrist shot by Jesper Boqvist.
2:38 of 3rd period - Stopped by Eric Comrie without a rebound.
2:39 of 3rd period - Michael McLeod wins face-off versus Teddy Blueger in Havana Tropicals zone.
3:08 of 3rd period - Snap shot by Jack Roslovic.
3:08 of 3rd period - Goal by Jack Roslovic - Havana Tropicals : 3 - Santa Cruz Tiger Sharks : 4.
3:09 of 3rd period - Jack Roslovic wins face-off versus Teddy Blueger in neutral zone.
3:22 of 3rd period - Snap shot by Teddy Blueger.
3:22 of 3rd period - Shot Blocked by Jack Roslovic.
3:36 of 3rd period - Slapshot by Emil Bemstrom.
3:36 of 3rd period - Shot Misses the Net.
3:38 of 3rd period - Wrist shot by Philipp Kurashev.
3:38 of 3rd period - Shot Misses the Net.
3:42 of 3rd period - Snap shot by Emil Bemstrom.
3:42 of 3rd period - Goal by Emil Bemstrom - Havana Tropicals : 4 - Santa Cruz Tiger Sharks : 4.
3:43 of 3rd period - Michael McLeod wins face-off versus Teddy Blueger in neutral zone.
3:48 of 3rd period - Snap shot by Jesper Boqvist.
3:48 of 3rd period - Shot Misses the Net.
3:50 of 3rd period - Wrist shot by Jesper Boqvist.
3:50 of 3rd period - Deflect By Zach Aston-Reese.
3:50 of 3rd period - Stopped by Eric Comrie with a rebound.
3:52 of 3rd period - Wrist shot by Zach Sanford.
3:52 of 3rd period - Shot Misses the Net.
3:54 of 3rd period - Snap shot by Michael McLeod.
3:54 of 3rd period - Stopped by Eric Comrie with a rebound.
4:15 of 3rd period - Slapshot by Sammy Blais.
4:15 of 3rd period - Stopped by Mikhail Berdin without a rebound.
4:16 of 3rd period - Teddy Blueger wins face-off versus Jack Roslovic in Santa Cruz Tiger Sharks zone.
4:23 of 3rd period - Snap shot by Teddy Blueger.
4:23 of 3rd period - Shot Misses the Net.
4:25 of 3rd period - Snap shot by Zach Aston-Reese.
4:25 of 3rd period - Stopped by Mikhail Berdin with a rebound.
4:27 of 3rd period - Snap shot by Zach Aston-Reese.
4:27 of 3rd period - Stopped by Mikhail Berdin with a rebound.
4:29 of 3rd period - Wrist shot by Pierre-Edouard Bellemare.
4:29 of 3rd period - Stopped by Mikhail Berdin with a rebound.
4:31 of 3rd period - Snap shot by Pierre-Edouard Bellemare.
4:31 of 3rd period - Stopped by Mikhail Berdin without a rebound.
4:32 of 3rd period - Chris Tierney wins face-off versus Michael McLeod in Santa Cruz Tiger Sharks zone.
4:43 of 3rd period - Snap shot by Zach Sanford.
4:43 of 3rd period - Stopped by Eric Comrie with a rebound.
5:27 of 3rd period - Snap shot by Evgeny Svechnikov.
5:27 of 3rd period - Stopped by Eric Comrie with a rebound.
5:29 of 3rd period - Snap shot by David Gustafsson.
5:29 of 3rd period - Shot Misses the Net.
5:39 of 3rd period - Kailer Yamamoto is hit by Henrik Borgstrom and loses puck.
5:48 of 3rd period - Wrist shot by Alexander Nylander.
5:48 of 3rd period - Shot Misses the Net.
5:50 of 3rd period - Slapshot by Zach Whitecloud.
5:50 of 3rd period - Shot Blocked by Calle Rosen.
6:24 of 3rd period - Slapshot by Timothy Liljegren.
6:24 of 3rd period - Deflect By Alexander Volkov.
6:24 of 3rd period - Stopped by Mikhail Berdin without a rebound.
6:25 of 3rd period - Kevin Rooney wins face-off versus Teddy Blueger in Santa Cruz Tiger Sharks zone.
6:25 of 3rd period - Kevin Rooney is hit by Teddy Blueger.
6:31 of 3rd period - Slapshot by Sean Day.
6:31 of 3rd period - Stopped by Eric Comrie with a rebound.
6:33 of 3rd period - Slapshot by Sean Day.
6:33 of 3rd period - Stopped by Eric Comrie without a rebound.
6:34 of 3rd period - Michael McLeod wins face-off versus Teddy Blueger in Havana Tropicals zone.
6:49 of 3rd period - Wrist shot by Teddy Blueger.
6:49 of 3rd period - Stopped by Mikhail Berdin with a rebound.
7:15 of 3rd period - Snap shot by Chris Tierney.
7:15 of 3rd period - Stopped by Mikhail Berdin with a rebound.
7:57 of 3rd period - Wrist shot by Henrik Borgstrom.
7:57 of 3rd period - Deflect By Nolan Foote.
7:57 of 3rd period - Shot Misses the Net.
7:57 of 3rd period - Puck is out of play.
7:58 of 3rd period - Michael McLeod wins face-off versus Pierre-Edouard Bellemare in Santa Cruz Tiger Sharks zone.
8:05 of 3rd period - Snap shot by Jesper Boqvist.
8:05 of 3rd period - Shot Blocked by Zach Aston-Reese.
8:48 of 3rd period - Snap shot by Emil Bemstrom.
8:48 of 3rd period - Deflect By Jack Roslovic.
8:48 of 3rd period - Stopped by Mikhail Berdin without a rebound.
8:49 of 3rd period - Teddy Blueger wins face-off versus Michael McLeod in Santa Cruz Tiger Sharks zone.
8:50 of 3rd period - Wrist shot by Pierre-Edouard Bellemare.
8:50 of 3rd period - Stopped by Mikhail Berdin with a rebound.
8:56 of 3rd period - Teddy Blueger is hit by Zach Sanford and loses puck.
9:42 of 3rd period - Snap shot by Carter Rowney.
9:42 of 3rd period - Shot Misses the Net.
9:44 of 3rd period - Wrist shot by Evgeny Svechnikov.
9:44 of 3rd period - Stopped by Eric Comrie with a rebound.
9:46 of 3rd period - Wrist shot by Austin Strand.
9:46 of 3rd period - Shot Misses the Net.
9:48 of 3rd period - Wrist shot by David Gustafsson.
9:48 of 3rd period - Shot Misses the Net.
10:26 of 3rd period - Wrist shot by Kieffer Bellows.
10:26 of 3rd period - Shot Hit the Post.
10:28 of 3rd period - Backhand shot by Kieffer Bellows.
10:28 of 3rd period - Stopped by Eric Comrie with a rebound.
10:30 of 3rd period - Slapshot by Sean Day.
10:30 of 3rd period - Stopped by Eric Comrie with a rebound.
10:32 of 3rd period - Snap shot by Kristians Rubins.
10:32 of 3rd period - Shot Blocked by Robert Bortuzzo.
10:34 of 3rd period - Snap shot by Kevin Rooney.
10:34 of 3rd period - Goal by Kevin Rooney - Havana Tropicals : 4 - Santa Cruz Tiger Sharks : 5.
10:35 of 3rd period - Michael McLeod wins face-off versus Chris Tierney in neutral zone.
10:45 of 3rd period - Michael McLeod and Sammy Blais fight to a draw.
10:45 of 3rd period - Penalty to Michael McLeod for Fighting.
10:45 of 3rd period - Penalty to Sammy Blais for Fighting.
10:46 of 3rd period - Teddy Blueger wins face-off versus Jack Roslovic in Havana Tropicals zone.
10:51 of 3rd period - Pierre-Edouard Bellemare is hit by Kailer Yamamoto and loses puck.
10:58 of 3rd period - Backhand shot by Timothy Liljegren.
10:58 of 3rd period - Shot Misses the Net.
11:00 of 3rd period - Wrist shot by Zach Aston-Reese.
11:00 of 3rd period - Shot Misses the Net.
11:18 of 3rd period - Wyatt Kalynuk is hit by Chris Tierney.
11:35 of 3rd period - Off-side.
11:36 of 3rd period - Henrik Borgstrom wins face-off versus Alexander Volkov in neutral zone.
12:20 of 3rd period - Off-side.
12:21 of 3rd period - Chris Tierney wins face-off versus David Gustafsson in neutral zone.
12:24 of 3rd period - David Gustafsson is hit by Milan Lucic and loses puck.
12:33 of 3rd period - Wrist shot by Jesper Boqvist.
12:33 of 3rd period - Stopped by Eric Comrie with a rebound.
12:53 of 3rd period - Wrist shot by Chris Tierney.
12:53 of 3rd period - Shot Misses the Net.
12:55 of 3rd period - Snap shot by Philipp Kurashev.
12:55 of 3rd period - Stopped by Mikhail Berdin with a rebound.
12:57 of 3rd period - Slapshot by Zach Whitecloud.
12:57 of 3rd period - Shot Blocked by Wyatt Kalynuk.
13:08 of 3rd period - Off-side.
13:09 of 3rd period - Teddy Blueger wins face-off versus Jack Roslovic in neutral zone.
14:01 of 3rd period - Dennis Cholowski is hit by Carter Rowney.
14:13 of 3rd period - Travis Boyd is hit by Teddy Blueger and loses puck.
14:42 of 3rd period - Robert Bortuzzo is hit by Carter Rowney and loses puck.
15:07 of 3rd period - Snap shot by Jesper Boqvist.
15:07 of 3rd period - Deflect By Milan Lucic.
15:07 of 3rd period - Shot Blocked by Milan Lucic.
15:07 of 3rd period - Puck is out of play.
15:08 of 3rd period - Kevin Rooney wins face-off versus Chris Tierney in Havana Tropicals zone.
15:15 of 3rd period - Snap shot by Jesper Boqvist.
15:15 of 3rd period - Shot Misses the Net.
15:17 of 3rd period - Slapshot by Kevin Rooney.
15:17 of 3rd period - Goal by Kevin Rooney - Havana Tropicals : 4 - Santa Cruz Tiger Sharks : 6.
15:18 of 3rd period - Kevin Rooney wins face-off versus Philipp Kurashev in neutral zone.
15:45 of 3rd period - Zach Aston-Reese is hit by Hunter Drew.
15:55 of 3rd period - Wrist shot by Kailer Yamamoto.
15:55 of 3rd period - Shot Misses the Net.
15:57 of 3rd period - Snap shot by Jack Roslovic.
15:57 of 3rd period - Shot Misses the Net.
16:13 of 3rd period - Snap shot by Carter Rowney.
16:13 of 3rd period - Stopped by Eric Comrie with a rebound.
16:39 of 3rd period - Snap shot by Henrik Borgstrom.
16:39 of 3rd period - Stopped by Mikhail Berdin with a rebound.
17:33 of 3rd period - Slapshot by Sean Day.
17:33 of 3rd period - Shot Blocked by Sammy Blais.
17:35 of 3rd period - Slapshot by Sean Day.
17:35 of 3rd period - Deflect By Evgeny Svechnikov.
17:35 of 3rd period - Stopped by Eric Comrie without a rebound.
17:36 of 3rd period - Kevin Rooney wins face-off versus Philipp Kurashev in Havana Tropicals zone.
17:47 of 3rd period - Emil Bemstrom is hit by Kieffer Bellows and loses puck.
18:34 of 3rd period - Wrist shot by Zach Sanford.
18:34 of 3rd period - Stopped by Eric Comrie with a rebound.
18:36 of 3rd period - Slapshot by Kristians Rubins.
18:36 of 3rd period - Stopped by Eric Comrie without a rebound.
18:37 of 3rd period - Kevin Rooney wins face-off versus Philipp Kurashev in Havana Tropicals zone.
19:02 of 3rd period - Evgeny Svechnikov is hit by Teddy Blueger and loses puck.
19:07 of 3rd period - Backhand shot by Zach Aston-Reese.
19:07 of 3rd period - Stopped by Mikhail Berdin without a rebound.
19:08 of 3rd period - Teddy Blueger wins face-off versus David Gustafsson in Santa Cruz Tiger Sharks zone.
19:22 of 3rd period - Zach Aston-Reese is hit by Evgeny Svechnikov and loses puck.
19:55 of 3rd period - Teddy Blueger is hit by Zach Sanford and loses puck.
Goals for this period are 2 for Havana Tropicals vs 4 for Santa Cruz Tiger Sharks.
Shots for this period are 20 for Havana Tropicals vs 22 for Santa Cruz Tiger Sharks.
Back to the Top